 Seeded DCSS version 0.29.1-14-g9c671dbff4 (webtiles) character file.

Game seed: 11094052673924796823 (custom seed)

6750 tkbsonic5 the Destroyer (level 11, -10/60 HPs)
             Began as a Tengu Conjurer on Feb 19, 2023.
             Was an Elder of Vehumet.
             Mangled by a manticore (19 damage)
             ... on level 10 of the Dungeon.
             The game lasted 01:36:23 (13181 turns).

tkbsonic5 the Destroyer (Tengu Conjurer)           Turns: 13181, Time: 01:36:23

Health: -10/60     AC:  7    Str: 14    XL:     11   Next: 4%
Magic:  11/31      EV: 15    Int: 22    God:    Vehumet [****..]
Gold:   542        SH:  0    Dex: 13    Spells: 4/24 levels left

rFire   . . .      SeeInvis .   p - +5 quarterstaff (flame) {Death Angel Umi}
rCold   . . .      Faith    +   (shield currently unavailable)
rNeg    . . .      Spirit   .   q - +2 robe {Will+}
rPois   .          Reflect  .   (helmet restricted)
rElec   .          Harm     .   y - scarf {repulsion}
rCorr   .          Rampage  .   e - +2 pair of gloves
Will    +....                   (boots unavailable)
Stlth   ++........              j - amulet of faith
HPRegen 0.20/turn               B - ring of magical power
MPRegen 0.22/turn               v - +6 ring of strength

@: flying quickly and evasively, repel missiles, quick
A: beak, talons 3, nimble flight
a: Renounce Religion


You were on level 10 of the Dungeon.
You worshipped Vehumet.
Vehumet was greatly pleased with you.
You visited 1 branch of the dungeon, and saw 11 of its levels.

You collected 632 gold pieces.
You spent 90 gold pieces at shops.

Inventory:

Hand Weapons
 d - a +2 scimitar of flaming
 n - a +2 short sword of venom
 p - a +5 quarterstaff of flaming (weapon) {Death Angel Umi}
 D - a +1 sling of freezing
 I - the +8 war axe "Cosu" {venom, rF+}
   (You found it on level 10 of the Dungeon)

   It poisons the flesh of those it strikes.
   rF:        It protects you from fire.
Missiles
 g - 26 poisoned darts
 u - 4 atropa-tipped darts
 A - a curare-tipped dart
 E - 5 boomerangs
 G - 4 boomerangs of dispersal
Armour
 a - a +0 robe
 e - a +2 pair of gloves (worn)
 f - a +0 helmet
 q - a +2 robe of willpower (worn)
 t - a +0 leather armour
 w - a +0 robe of fire resistance
 y - a scarf of repulsion (worn)
 z - +0 acid dragon scales
Magical Staves
 o - a staff of cold
Jewellery
 h - an amulet of guardian spirit
 j - an amulet of faith (around neck)
 k - a ring of protection from cold
 v - a +6 ring of strength (right hand)
 B - a ring of magical power (left hand)
 L - a ring of protection from fire
 M - a +6 ring of strength
Wands
 r - a wand of light (1)
 C - a wand of roots (2)
Scrolls
 i - 2 scrolls of magic mapping
 l - a scroll of teleportation
 m - a scroll of brand weapon
Potions
 b - 3 potions of ambrosia
 c - a potion of curing
 x - 3 potions of mutation
 F - a potion of might
 H - a potion of magic
 J - a potion of haste
 K - a potion of cancellation {unknown}


   Skills:
 + Level 3.9 Fighting
 - Level 1.1 Staves
 + Level 3.2 Dodging
 + Level 2.2 Stealth
 + Level 7.2 Spellcasting
 - Level 11.4 Conjurations
 * Level 4.7 Hexes
 + Level 5.1 Summonings
 * Level 5.3 Translocations
 - Level 1.0 Fire Magic
 - Level 4.5 Air Magic
 - Level 2.5 Poison Magic
 - Level 0.2 Evocations


You had 4 spell levels left.
You knew the following spells:

 Your Spells              Type           Power      Damage    Failure   Level
a - Magic Dart            Conj           100%       1d8       1%          1
b - Searing Ray           Conj           100%       2d8       1%          2
c - Dazzling Flash        Conj/Hex       86%        N/A       1%          3
d - Iskenderun's Mystic   Conj/Tloc      44%        2d10      1%          4
e - Fulminant Prism       Conj/Hex       21%        3d13      1%          4
f - Poisonous Vapours     Pois/Air       46%        N/A       1%          2
g - Call Canine Familiar  Summ           30%        N/A       3%          3
h - Foxfire               Conj/Fire      100%       2x1d9     1%          1

Your spell library contained the following spells:

 Spells                   Type           Power      Damage    Failure   Level
 Olgreb's Toxic Radiance  Pois           19%        N/A       8%          4
 Inner Flame              Hex/Fire       20%        N/A       2%          3
 Portal Projectile        Hex/Tloc       60%        N/A       3%          3
 Beastly Appendage        Tmut           16%        N/A       9%          1
 Cause Fear               Hex            14%        N/A       11%         4
 Wereblood                Tmut           8%         N/A       12%         2
 Spider Form              Tmut/Pois      13%        N/A       14%         3
 Corpse Rot               Necr/Pois/Air  18%        N/A       30%         4
 Leda's Liquefaction      Hex/Erth       9%         N/A       30%         4
 Discord                  Hex            14%        N/A       100%        8


Dungeon Overview and Level Annotations

Branches:
Dungeon (11/15)            Temple (0/1) D:7            Lair (0/5) D:9
    Orc: D:9-12

Altars:
Elyvilon
Gozag
Kikubaaqudgha
Nemelex Xobeh
Trog
Uskayaw
Vehumet
Yredelemnul

Shops:
D:3 *   D:9 (

Annotations:
D:4 2 transporters, Grinder
D:7 2 transporters, SirLogeyBear's ghost, novice HOBe
D:10 2 runed translucent doors


Innate Abilities, Weirdness & Mutations

You have a beak for a mouth.
You have claws for feet.
Your magical nature lets you fly swiftly and evasively.


Message History

Your hound barely misses the manticore.
The manticore closely misses you. x2
The manticore barely misses you.
Your hound barely misses the manticore.
You barely miss the manticore. You claw the manticore.
You peck the manticore, but do no damage.
The manticore is heavily wounded.
The manticore is no longer blind.
Your hound barely misses the manticore.
The manticore misses you. The manticore closely misses you.
The manticore misses you.
You thump the manticore! You burn the manticore.
Your peck misses the manticore.
The manticore is severely wounded.
Your hound closely misses the manticore.
The manticore bites you!!
* * * LOW HITPOINT WARNING * * *
The manticore claws you.
* * * LOW HITPOINT WARNING * * *
The manticore barely misses you.
Your hound closely misses the manticore.
Your hound barely misses the manticore.
Your hound bites the manticore.
Okay, then.
Okay, then.
Casting: Searing Ray (safe; 1% risk of failure)
Confirm with . or Enter, or press ? or * to list all spells.
Okay, then.
Casting: Searing Ray (safe; 1% risk of failure)
Confirm with . or Enter, or press ? or * to list all spells.
Really blast near your hound?
You erupt in a blast of force!
The mystic blast hits your hound.
Your hound is lightly wounded.
Your hound is knocked back by the mystic blast.
The mystic blast hits the manticore.
The manticore is severely wounded.
The manticore is knocked back by the mystic blast.
Your hound disappears in a puff of smoke!
Casting: Iskenderun's Mystic Blast (dangerous; 1% risk of failure)
Confirm with . or Enter, or press ? or * to list all spells.
You erupt in a blast of force!
The mystic blast hits the manticore!
The manticore is almost dead.
The manticore bites you!!
You die...

##......................
##.......................
##........................
##.........................
##..........................
##...........................
##............................
##.............H...............
##.............@................
##..........................#....
#..........................###...
#...........................#....
#................................
#................................
#................................
#.........................=......
#..................#............~


You could see a manticore.

Vanquished Creatures
  Erica (D:8)
  A cyclops (D:9)
  A gargoyle (D:11)
  3 trolls
  2 yaks (D:9)
  2 steam dragons (D:8)
  An acid dragon (D:9)
  3 water moccasins
  Duvessa (D:7)
  2 orc warriors
  2 sky beasts
  2 ice beasts (D:6)
  An ogre (D:7)
  2 centaurs
  5 phantoms
  3 kobold brigands
  3 bullfrogs
  3 necrophages (D:6)
  3 scorpions
  7 wights
  Dowan (D:7)
  6 killer bees (D:9)
  3 howler monkeys
  5 lava snakes (D:8)
  2 orc priests
  2 gnoll boudas
  3 hounds
  Jessica (D:2)
  Terence (D:2)
  6 orc wizards
  4 iguanas
  10 gnolls
  11 adders
  A white imp (D:8)
  An ufetubus (D:5)
  3 worms
  5 dart slugs
  31 orcs
  5 bats
  5 endoplasms
  4 giant cockroaches
  7 goblins
  7 hobgoblins
  7 jackals
  19 kobolds
  4 quokkas
  11 ball pythons
  3 frilled lizards
  7 rats
  A foxfire (D:10)
  2 fulminant prisms
226 creatures vanquished.

Vanquished Creatures (collateral kills)
  A kobold (D:8)
1 creature vanquished.

Vanquished Creatures (others)
  A water elemental (D:10)
  65 foxfires
  55 fulminant prisms
  27 fungi (D:9)
  17 plants
165 creatures vanquished.

Grand Total: 392 creatures vanquished

Notes
Turn   | Place    | Note
-------+----------+-------------------------------------------
     0 | D:1      | tkbsonic5 the Tengu Conjurer began the quest for the Orb.
     0 | D:1      | Reached XP level 1. HP: 10/10 MP: 4/4
   133 | D:1      | Reached XP level 2. HP: 15/15 MP: 0/6
   188 | D:1      | Learned a level 2 spell: Searing Ray
   439 | D:1      | Reached XP level 3. HP: 19/19 MP: 2/7
   492 | D:1      | Learned a level 3 spell: Dazzling Flash
   493 | D:1      | Reached skill level 6 in Conjurations
  1494 | D:2      | Reached XP level 4. HP: 24/24 MP: 5/9
  1683 | D:2      | Noticed Jessica
  1685 | D:2      | Killed Jessica
  1742 | D:2      | Noticed Terence
  1752 | D:2      | Reached skill level 7 in Conjurations
  1752 | D:2      | Killed Terence
  1753 | D:2      | Gained mutation: Your magical nature lets you fly swiftly
                  | and evasively. [Tengu growth]
  1753 | D:2      | Reached XP level 5. HP: 25/28 MP: 0/11
  1878 | D:2      | Identified the ring "Erghueps" {rC+ Will+ Slay-3 Stlth+}
  1885 | D:2      | Learned a level 4 spell: Iskenderun's Mystic Blast
  2319 | D:3      | Found a sparkling altar of Nemelex Xobeh.
  2692 | D:3      | Found Gozag's Platinum Reserve.
  2693 | D:3      | Found an opulent altar of Gozag.
  3414 | D:4      | Found a basalt altar of Yredelemnul.
  3437 | D:4      | Found a radiant altar of Vehumet.
  3439 | D:4      | Noticed Grinder
  3690 | D:4      | Found a transporter.
  3690 | D:4      | Noticed an ice beast
  3691 | D:4      | Noticed an ice beast
  3691 | D:4      | Noticed an ice beast
  3769 | D:4      | Found a transporter.
  3792 | D:4      | Noticed a +0 dagger
  3793 | D:4      | Noticed a +0 hand axe
  3796 | D:4      | Found a hide-covered altar of Uskayaw.
  3848 | D:4      | Reached skill level 8 in Conjurations
  3932 | D:4      | Noticed a wyvern
  4091 | D:4      | Became a worshipper of Vehumet
  4095 | D:4      | Paralysed by Grinder for 4 turns
  4132 | D:5      | Entered Level 5 of the Dungeon
  4492 | D:5      | Noticed a phantom
  4506 | D:5      | Reached XP level 6. HP: 30/32 MP: 12/12
  4525 | D:5      | Reached skill level 1 in Fighting
  5256 | D:5      | Noticed a water moccasin
  5263 | D:5      | Killed a water moccasin
  5264 | D:5      | Reached skill level 1 in Staves
  5264 | D:5      | Reached skill level 1 in Translocations
  5264 | D:5      | Reached XP level 7. HP: 39/39 MP: 5/14
  5269 | D:5      | Learned a level 4 spell: Fulminant Prism
  5431 | D:5      | Reached skill level 9 in Conjurations
  5629 | D:5      | Reached * piety under Vehumet
  5629 | D:5      | Offered knowledge of Sandblast by Vehumet.
  5654 | D:5      | Found a bloodstained altar of Trog.
  5844 | D:5      | Reached skill level 1 in Hexes
  6055 | D:6      | Reached XP level 8. HP: 45/45 MP: 3/15
  6252 | D:6      | Reached skill level 5 in Spellcasting
  6544 | D:6      | Reached skill level 10 in Conjurations
  6889 | D:7      | Noticed Duvessa
  6889 | D:7      | Noticed Dowan
  6894 | D:7      | Killed Dowan
  6898 | D:7      | Killed Duvessa
  6905 | D:7      | Reached XP level 9. HP: 44/51 MP: 2/18
  6908 | D:7      | Learned a level 2 spell: Poisonous Vapours
  6912 | D:7      | Learned a level 3 spell: Call Canine Familiar
  7235 | D:7      | Found a transporter.
  7235 | D:7      | Found a transporter.
  7235 | D:7      | Noticed SirLogeyBear's ghost (novice HOBe)
  7257 | D:7      | Noticed a hornet
  7307 | D:7      | Reached skill level 1 in Air Magic
  7665 | D:7      | Found a staircase to the Ecumenical Temple.
  7814 | D:7      | Reached ** piety under Vehumet
  7890 | D:7      | Reached skill level 1 in Summonings
  7896 | D:7      | Offered knowledge of Foxfire by Vehumet.
  8080 | D:7      | Reached skill level 1 in Poison Magic
  8819 | D:8      | Found a white marble altar of Elyvilon.
  9230 | D:8      | Noticed Erica
  9425 | D:8      | Reached skill level 11 in Conjurations
  9594 | D:8      | Reached XP level 10. HP: 56/56 MP: 3/20
 10078 | D:8      | Killed Erica
 10267 | D:9      | Learned a level 1 spell: Foxfire
 10311 | D:9      | Offered knowledge of Mephitic Cloud by Vehumet.
 10627 | D:9      | Reached skill level 1 in Fire Magic
 10635 | D:9      | Reached *** piety under Vehumet
 11141 | D:9      | Noticed a cyclops
 11188 | D:9      | Killed a cyclops
 11423 | D:9      | Offered knowledge of Olgreb's Toxic Radiance by Vehumet.
 11578 | D:9      | Found a staircase to the Lair.
 11898 | D:9      | Found Bivuar's Antique Weapon Shop.
 11901 | D:9      | Bought a runed sling for 90 gold pieces
 12192 | D:10     | Entered Level 10 of the Dungeon
 12210 | D:10     | Reached skill level 5 in Translocations
 12353 | D:10     | Reached **** piety under Vehumet
 12698 | D:10     | Found a large runed translucent door.
 12698 | D:10     | Found a large runed translucent door.
 12731 | D:10     | Found an ancient bone altar of Kikubaaqudgha.
 12781 | D:10     | Identified the +8 war axe "Cosu" {venom, rF+}
 12999 | D:11     | Noticed a gargoyle
 13005 | D:11     | Reached skill level 5 in Summonings
 13005 | D:11     | Noticed a brown ugly thing
 13007 | D:11     | Killed a gargoyle
 13008 | D:11     | Reached XP level 11. HP: 38/60 MP: 22/22
 13147 | D:11     | Noticed a manticore
 13181 | D:10     | Mangled by a manticore

Illustrated notes

Levels and vault maps discovered:
D:1:      minmay_arrival_cross, layout_rooms, serial_forest,
          infiniplex_forest_lined_3, infiniplex_forest_lined_3,
          infiniplex_forest_clump_double, infiniplex_forest_lined_1,
          infiniplex_forest_clump_curved, infiniplex_forest_clump_curved,
          infiniplex_forest_clump_tiny, infiniplex_forest_lined_2
D:2:      layout_basic, uniq_terence, uniq_jessica
D:3:      layout_loops_ring, nemelex_xobeh_ov_fountains_minmay,
          nicolae_gozag_zags_fifth_avenue, portal_sewer_entry_b
D:4:      gammafunk_cloud_chamber, layout_loops_ring, old_standard_altar,
          dancing_weapons_uskayaw, mainiacjoe_overflow_chevrons,
          lightli_corner_chamber, uniq_grinder
D:5:      layout_loops_corners, marbit_many_paths,
          corexii_item_surrounded_by_moat
D:6:      layout_rooms
D:7:      layout_basic, minmay_temple_entry_overgrown, gammafunk_ghost_hive,
          minmay_diced_spiral, uniq_duvessa
D:8:      layout_basic, nicolae_elyvilon_temple_path, kennysheep_boxes,
          uniq_erica, uniq_maurice
D:9:      layout_loops_ring, grunt_lair_entry_orc_guard_hut, serial_shops,
          kennysheep_mini_moat
D:10:     layout_big_octagon, kiku_gazebo_garden_becter,
          lightli_elemental_guards
D:11:     layout_basic, portal_ice_cave_entry_pillars_1,
          nicolae_wooded_promenade

Skill      XL: |  1  2  3  4  5  6  7  8  9 10 |
---------------+-------------------------------+-----
Conjurations   | 6 7 8 9 10 11 | 11.4
Spellcasting   | 3 4 5 6 7 |  7.2
Fighting       | 1 2 3 |  3.9
Staves         | 1 |  1.1
Translocations | 1 2 3 5 |  5.3
Hexes          | 1 2 3 4 |  4.7
Air Magic      | 3 4 |  4.5
Summonings     | 3 5 |  5.1
Poison Magic   | 2 |  2.5
Dodging        | 3 |  3.2
Fire Magic     | 1 |  1.0
Stealth        | |  2.2
Evocations     | |  0.2

Action                   |  1- 3 |  4- 6 |  7- 9 | 10-12 || total
-------------------------+-------+-------+-------+-------++-------
Melee: Hand axe          |     5 |       |       |       ||     5
       Kick              |     1 |     3 |     2 |     1 ||     7
       Quarterstaff      |       |    16 |    16 |    14 ||    46
       Peck              |       |     2 |     2 |     2 ||     6
Throw: Dart              |       |       |     2 |       ||     2
 Cast: Magic Dart        |    53 |    82 |    15 |     2 ||   152
       Searing Ray       |     7 |    20 |    22 |     7 ||    56
       Fulminant Prism   |       |       |    31 |    26 ||    57
       Iskenderun's Myst |       |       |    11 |    12 ||    23
       Dazzling Flash    |       |       |     7 |     4 ||    11
       Poisonous Vapours |       |       |    46 |    57 ||   103
       Call Canine Famil |       |       |     7 |     4 ||    11
       Foxfire           |       |       |       |    43 ||    43
Evoke: Wand              |       |     3 |    23 |     4 ||    30
  Use: Scroll            |     2 |    14 |    10 |     4 ||    30
       Potion            |     1 |     6 |     5 |     3 ||    15
Armor: Robe              |     3 |     7 |     4 |     4 ||    18
       Skin              |       |       |       |     1 ||     1
Dodge: Dodged            |    13 |    15 |    23 |    54 ||   105
       Repelled          |       |       |       |     2 ||     2
